 Dungeon Crawl Stone Soup version 0.29-a0-885-gb26ba3297d (webtiles) character file.

Game seed: 4360751930685268395

63 Mesmaeker13 the Vexing (level 4, -2/32 HPs)
             Began as a Formicid Arcane Marksman on July 20, 2022.
             Slain by an orc
             ... wielding a +0 club
              (3 damage)
             ... on level 1 of the Dungeon.
             The game lasted 00:03:28 (2716 turns).

Mesmaeker13 the Vexing (Formicid Arcane Marksman)   Turns: 2716, Time: 00:03:28

Health: -2/32      AC:  4    Str: 14    XL:     4   Next: 30%
Magic:  5/5        EV: 12    Int: 15    God:
Gold:   120        SH:  0    Dex: 14    Spells: 4/5 levels left

rFire   . . .      SeeInvis +   a - +0 sling
rCold   . . .      Faith    .   (no shield)
rNeg    . . .      Spirit   .   l - +0 leather armour
rPois   .          Reflect  .   (helmet unavailable)
rElec   .          Harm     .   (no cloak)
rCorr   .          Rampage  .   (no gloves)
Will    .....                   h - +0 pair of boots
Stlth   +.........              (no amulet)
HPRegen 0.10/turn               (no ring)
MPRegen 0.09/turn               (no ring)

@: no status effects
A: permanent stasis, dig shafts and tunnels, antennae 3, four strong arms
a: Dig, Shaft Self


You were on level 1 of the Dungeon.
You visited 1 branch of the dungeon, and saw 3 of its levels.

You collected 120 gold pieces.

Inventory:

Hand Weapons
 a - a +0 sling (weapon)
Missiles
 e - 4 poisoned darts
Armour
 h - a +0 pair of boots (worn)
 l - a +0 leather armour (worn)
Wands
 o - a wand of roots (7)
Scrolls
 b - 2 scrolls of vulnerability
 d - a scroll of summoning {unknown}
 g - a scroll of blinking {unknown}
 i - a scroll of butterflies
 m - a scroll of enchant armour {unknown}
 n - a scroll of teleportation {unknown}
Potions
 c - a potion of berserk rage {unknown}
 f - a potion of lignification {unknown}
 j - a potion of might {unknown}
 k - a potion of degeneration {unknown}
 p - a potion of heal wounds {unknown}


   Skills:
 + Level 1.2 Fighting
 + Level 2.9 Ranged Weapons
 + Level 2.6 Dodging
 - Level 1.1 Spellcasting
 - Level 4.4 Hexes


You had 4 spell levels left.
You knew the following spells:

 Your Spells              Type           Power      Damage    Failure   Level
a - Slow                  Hex            56%        N/A       4%          1

Your spell library contained the following spells:

 Spells                   Type           Power      Damage    Failure   Level
 Inner Flame              Hex/Fire       7%         N/A       36%         3
 Portal Projectile        Hex/Tloc       14%        N/A       36%         3
 Cause Fear               Hex            7%         N/A       45%         4


Dungeon Overview and Level Annotations

Branches:
Dungeon (3/15)

Altars:

Shops:
D:2 [   D:3 :


Innate Abilities, Weirdness & Mutations

You cannot be hasted, slowed, berserked, paralysed or teleported.
You can dig through walls and to a lower floor.
You have a pair of large antennae on your head. (SInv)
Your four strong arms can wield two-handed weapons with a shield.


Message History

The orc barely misses you.
You climb upwards.
The gnoll shouts! x3
The gnoll barely misses you.
There is a stone staircase leading down here.
The gnoll hits you from afar with a +0 spear.
* * * LOW HITPOINT WARNING * * *
The orc hits you with a +0 club.
* * * LOW HITPOINT WARNING * * *
There is a stone staircase leading up here.
The orc misses you.
You climb upwards.
There is a stone staircase leading down here.
Fire: a) +0 sling
Press: ? - help, Q - select action, (/) - cycle Shift-Dir - straight line, f - orc
Aim: an orc, wielding a +0 club and wearing a +0 scale mail (severely wounded, 60% to hit)
You shoot a sling bullet.
The sling bullet completely misses the orc.
The orc barely misses you.
Fire: a) +0 sling
Press: ? - help, Q - select action, (/) - cycle Shift-Dir - straight line, f/p - orc
Aim: an orc, wielding a +0 club and wearing a +0 scale mail (severely wounded, 60% to hit)
You shoot a sling bullet.
The sling bullet closely misses the orc.
The orc barely misses you.
Fire: a) +0 sling
Press: ? - help, Q - select action, (/) - cycle Shift-Dir - straight line, f/p - orc
Aim: an orc, wielding a +0 club and wearing a +0 scale mail (severely wounded, 60% to hit)
You shoot a sling bullet.
The sling bullet completely misses the orc.
The orc hits you with a +0 club.
* * * LOW HITPOINT WARNING * * *
Fire: a) +0 sling
Press: ? - help, Q - select action, (/) - cycle Shift-Dir - straight line, f/p - orc
Aim: an orc, wielding a +0 club and wearing a +0 scale mail (severely wounded, 60% to hit)
You shoot a sling bullet.
The sling bullet hits the orc but does no damage.
The orc is severely wounded.
The orc hits you but does no damage. The orc hits you with a +0 club.
You die...

#.##.####### #.#
#.##.### #.# ##.##...#
#####.#### #.......#
#........# #..######
#...####.# #..# ##...##
#.# #..#######P...P# #.#
##..##.o..##...## #.#
##...##@####P...P# #.#
#.......# ##...## #.#
#.......# #P(..P###.##
#.##.#..#####...###.#.##
#.##.......#P.P.P#.###..
#.####..#####.P.###.#.##
#.####.....#P...P###.###
#.......#####...## ##...
#######.# #.#.<.# #.##


You could see an orc.

Vanquished Creatures
  3 adders
  A dart slug (D:1)
  An orc (D:3)
  A ball python (D:1)
  4 endoplasms
  3 goblins
  2 hobgoblins
  4 kobolds
  7 bats
  3 frilled lizards
  7 rats
36 creatures vanquished.

Notes
Turn   | Place    | Note
-------+----------+-------------------------------------------
     0 | D:1      | Mesmaeker13 the Formicid Arcane Marksman began the quest
                  | for the Orb.
     0 | D:1      | Reached XP level 1. HP: 15/15 MP: 2/2
   194 | D:1      | Reached XP level 2. HP: 21/21 MP: 3/3
   654 | D:1      | Reached skill level 4 in Hexes
  1266 | D:2      | Found Isaju's Antique Armour Shoppe.
  1288 | D:2      | Reached XP level 3. HP: 24/26 MP: 4/4
  1876 | D:2      | You fall into a shaft and drop 1 floor!
  2126 | D:3      | Reached XP level 4. HP: 13/32 MP: 2/5
  2455 | D:3      | Found Kanaq's Vocational Training.
  2715 | D:1      | HP: 1/32 [orc/+0 club (3)]
  2716 | D:1      | Slain by an orc

Illustrated notes

Levels and vault maps discovered:
D:1:      minmay_arrival_plants_in_alcoves, layout_loops_ring,
          solitary_fountain, dreamdust_princess_corridor, minmay_quantized
D:2:      layout_basic, serial_shops, nicolae_shop_competitors_out_of_business
D:3:      layout_basic, nicolae_shop_vocational

Skill      XL: |  1  2 |
---------------+-------+-----
Dodging        | 2 |  2.6
Hexes          | 4 |  4.4
Fighting       | |  1.2
Ranged Weapons | |  2.9
Spellcasting   | |  1.1

Action                   |  1- 3 |  4- 6 || total
-------------------------+-------+-------++-------
 Fire: Sling             |    99 |    42 ||   141
Throw: Dart              |    11 |       ||    11
 Cast: Slow              |     4 |       ||     4
 Abil: Shaft Self        |     1 |       ||     1
  Use: Scroll            |       |     1 ||     1
Armor: Robe              |     1 |       ||     1
       Leather armour    |    34 |     6 ||    40
Dodge: Dodged            |    69 |    27 ||    96

Table legend: (Time is in decaauts)
 A = Elapsed time spent in this place.
 B = Non-inter-level travel time spent in this place.
 C = Inter-level travel time spent in this place.
 D = Time resting spent in this place.
 E = Time spent auto-exploring this place.
 F = Levels seen in this place.
 G = Mean time per level.
                   A        B        C        D        E       F      G
               +--------+--------+--------+--------+--------+-----+--------+
         Total |   2759 |   2648 |    111 |   1041 |   1162 |   3 |  919.7 |
       Dungeon |   2759 |   2648 |    111 |   1041 |   1162 |   3 |  919.7 |
               +--------+--------+--------+--------+--------+-----+--------+

Top non-repeatable levels by time:
     D:1: 1199 daAuts
     D:3: 837 daAuts
     D:2: 721 daAuts
